[Event "45th FIDE Olympiad 2024"]
[Site "Budapest"]
[Date "2024.09.11"]
[Round "1.83"]
[White "Frick, Renato"]
[Black "Tran, Tuan Minh"]
[Result "0-1"]
[ECO "B58"]
[WhiteElo "1925"]
[BlackElo "2434"]
[Annotator "TA"]
[PlyCount "36"]
[EventDate "2024.09.05"]
[EventType "team-tourn"]
[EventCountry "HUN"]
[SourceTitle "playchess.com"]
[Source "ChessBase"]
[SourceQuality "1"]
[WhiteTeam "Liechtenstein"]
[BlackTeam "Vietnam"]
[WhiteTeamCountry "LIE"]
[BlackTeamCountry "VIE"]
[TimeControl "40/5400+30:1800+30"]

1. e4 c5 2. Nf3 Nc6 3. d4 cxd4 4. Nxd4 Nf6 5. Nc3 d6 6. Be2 Bd7 7. Be3 Nxd4 8. Qxd4 e5 9. Qd3 Be7 {White is slightly better.} 10. O-O h6 11. Rfd1 Bc6 12. Bf3 O-O 13. a4 a6 14. a5 Rc8 15. Na4 d5 16. exd5 e4 17. Bxe4 Bb5 18. Qd4 {[%mdl 8192] [#]} (18. Bb6 $1 $14 Qe8 19. Qf3 (19. Qd4 $2 Rc4 $19) 19... Bxa4 20. Re1 Nxe4 (20... Bxc2 $2 21. Bxc2 Rxc2 22. d6 $16) 21. Qxe4) 18... Rc4 $1 {Weighted Error Value: White=0.52/Black=0.10 (very precise) .  Loses game:     	White=1     	---        Inaccurate:     	White=2     	Black=2      OK:         	White=4     	Black=5      Strong:       	---       	Black=1} (18... Qxa5 $2 {loses.} 19. Nb6 $18) 0-1

[Event "45th FIDE Olympiad 2024"]
[Site "Budapest"]
[Date "2024.09.11"]
[Round "1.83"]
[White "Abdou, Mohamed"]
[Black "Meylan, Andre"]
[Result "0-1"]
[ECO "A43"]
[WhiteElo "1782"]
[BlackElo "2165"]
[Annotator "ChessBase"]
[PlyCount "58"]
[EventDate "2024.09.05"]
[EventType "team-tourn"]
[EventCountry "HUN"]
[SourceTitle "playchess.com"]
[Source "ChessBase"]
[SourceQuality "1"]
[WhiteTeam "Comoros Islands"]
[BlackTeam "Monaco"]
[BlackTeamCountry "MNC"]
[TimeControl "40/5400+30:1800+30"]

1. d4 c5 2. c3 e6 3. Bf4 Nf6 4. e3 Nc6 5. Nd2 cxd4 6. exd4 Be7 7. Ngf3 Nd5 8. Bg3 f5 9. h3 Nf6 10. Bd3 O-O 11. O-O d5 12. Bh4 Ne4 13. Bxe7 Qxe7 14. Rc1 Qf6 15. Bb5 Bd7 16. Bxc6 Bxc6 17. Ne5 Bb5 18. Re1 Qh4 19. Nxe4 fxe4 20. Rc2 Rf5 21. Qg4 Qf6 22. Qg3 Rf8 23. f3 Rg5 24. Qf2 exf3 25. g3 Qf5 26. Kh2 Rxg3 27. Qxg3 Qxc2+ 28. Kh1 f2 29. Rf1 Bxf1 0-1

[Event "45th FIDE Olympiad 2024"]
[Site "Budapest"]
[Date "2024.09.11"]
[Round "1.84"]
[White "Banh, Gia Huy"]
[Black "Schadler, Martin"]
[Result "1-0"]
[ECO "E69"]
[WhiteElo "2425"]
[BlackElo "1891"]
[Annotator "TA"]
[PlyCount "45"]
[EventDate "2024.09.05"]
[EventType "team-tourn"]
[EventCountry "HUN"]
[SourceTitle "playchess.com"]
[Source "ChessBase"]
[SourceQuality "1"]
[WhiteTeam "Vietnam"]
[BlackTeam "Liechtenstein"]
[WhiteTeamCountry "VIE"]
[BlackTeamCountry "LIE"]
[TimeControl "40/5400+30:1800+30"]

1. c4 Nf6 2. g3 g6 3. Bg2 d6 4. d4 Bg7 5. Nf3 O-O 6. Nc3 Nbd7 7. O-O c6 8. e4 e5 9. h3 Qc7 10. Re1 a6 11. Be3 Rb8 12. c5 dxc5 (12... Nh5 $16 {was called for.}) 13. dxe5 $18 ({Resist} 13. dxc5 Re8 $16) 13... Ne8 {[%cal Ob7b6] [#]} 14. e6 $1 {[%mdl 512] White is much more active.} fxe6 15. Ng5 $36 {[%mdl 2048] White is on the roll.} Ne5 16. Bxc5 Bf6 (16... h6 $16) 17. Bxf8 Bxg5 18. Bc5 Be7 19. Bxe7 Qxe7 20. Qd4 Qf6 21. Rad1 {White is clearly winning.} ({But not} 21. f4 $2 Nf3+ 22. Bxf3 Qxd4+ $19) 21... Nf3+ (21... Ra8 $142 22. h4 (22. f4 Nf7 $18) 22... Nf7) 22. Bxf3 {And now Qa7 would win.} Qxf3 23. Qe5 {Black got outplayed after the opening.   Weighted Error Value: White=0.02 (flawless) /Black=0.48.  Mistake:       	---       	Black=3      Inaccurate:     	---       	Black=4      OK:         	White=7     	Black=2      Best:        	White=3     	---        Brilliant:      	White=1     	---} 1-0

[Event "45th FIDE Olympiad 2024"]
[Site "Budapest"]
[Date "2024.09.11"]
[Round "1.85"]
[White "Yilmaz, Mustafa"]
[Black "Almedina Ortiz, Edgardo J."]
[Result "1-0"]
[ECO "D31"]
[WhiteElo "2587"]
[BlackElo "2196"]
[Annotator "TA"]
[PlyCount "99"]
[EventDate "2024.09.05"]
[EventType "team-tourn"]
[EventCountry "HUN"]
[SourceTitle "playchess.com"]
[Source "ChessBase"]
[SourceQuality "1"]
[WhiteTeam "Turkiye"]
[BlackTeam "Puerto Rico"]
[BlackTeamCountry "PUR"]
[TimeControl "40/5400+30:1800+30"]

1. d4 d5 2. c4 e6 3. Nf3 a6 4. cxd5 exd5 5. Nc3 c6 6. Qb3 Bd6 7. Bg5 Nf6 8. e3 {White is slightly better.} (8. e4 $5 dxe4 9. Nxe4 $14) 8... O-O 9. Bd3 a5 10. O-O Na6 11. Rac1 Nc7 12. Bh4 Ne6 13. Na4 Be7 14. Nb6 Rb8 15. Ne5 Ne4 (15... Re8 $142) 16. Bxe7 $16 Qxe7 17. Bxe4 dxe4 18. Qa3 Qd8 19. Qxa5 {Hoping for Qa7. White is much more active. The black rooks are passive.} Ng5 20. Nec4 (20. h4 Nh3+ 21. Kh2 (21. gxh3 Bxh3 22. Nec4 Qxh4 $14) 21... Qxh4 22. gxh3 Bxh3 $19) 20... f6 21. Nxc8 Qxc8 22. Qb4 Qg4 23. Qd6 Rbd8 24. Qg3 Qh5 (24... Qe6 $16 25. a4 Rd5) 25. Rc2 ({White should try} 25. Nd6 $18 Rd7 26. h4) 25... f5 $1 $14 26. Ne5 Rd6 27. h4 Ne6 28. Ng6 {And now Ne7+ would win.} f4 29. Nxf4 Nxf4 30. exf4 Rg6 (30... Rxd4 $142 31. Qb3+ Qf7) 31. Qb3+ $1 $16 Kh8 32. Qh3 ({Not} 32. Qxb7 Qf3 33. g3 (33. Rxc6 $2 Qxg2#) 33... e3 $17) 32... Rg4 (32... Kg8 $16) 33. Rc5 $18 Rf5 (33... Qxh4 $142 34. Qxh4 Rxh4) 34. g3 Rxc5 35. dxc5 {[%mdl 4096] Endgame. KQR-KQR} Qf5 36. Re1 ({Don't do} 36. Rd1 h6 37. Kh2 Kh7) (36. Kh2 $18 {and White stays clearly on top.}) 36... Qxf4 $16 37. Re3 h5 38. b4 Qf6 39. a3 Qd4 (39... g5 $16 {was called for.}) 40. Qf1 $18 Kh7 41. Qb1 g5 {[#]} 42. hxg5 h4 {[#]} (42... Kg6 {was worth a try.} 43. Qb3 h4) 43. Qb3 $1 {aiming for Qf7+.} Rxg5 (43... Qd5 $142 44. Kf1 (44. Qxd5 cxd5 45. Kg2 d4 $16) 44... hxg3 45. Rxg3 Qxb3 46. Rxb3 Rxg5 47. Rh3+ Kg7) 44. Qf7+ Qg7 45. Qxg7+ Rxg7 46. Rxe4 hxg3 47. f3 {Intending Rh4+ and mate.} Rd7 48. Kg2 Rd3 $2 (48... Kg7 49. Kxg3 Kf6 50. Rf4+ Kg7) 49. Re7+ Kg6 50. a4 {Weighted Error Value: White=0.18 (very precise) /Black=0.32.  Missed win:     	White=1     	---        Mistake:       	White=1     	Black=9      Inaccurate:     	White=2     	Black=6      OK:         	White=20    	Black=10     Best:        	White=4     	Black=2      Strong:       	White=2     	Black=1} 1-0

[Event "45th FIDE Olympiad 2024"]
[Site "Budapest"]
[Date "2024.09.11"]
[Round "1.85"]
[White "Karimov, Alisher"]
[Black "Kim, Sanker"]
[Result "1-0"]
[ECO "A09"]
[WhiteElo "2240"]
[BlackElo "1564"]
[Annotator "ChessBase"]
[PlyCount "91"]
[EventDate "2024.09.05"]
[EventType "team-tourn"]
[EventCountry "HUN"]
[SourceTitle "playchess.com"]
[Source "ChessBase"]
[SourceQuality "1"]
[WhiteTeam "Tajikistan"]
[BlackTeam "Cambodia"]
[WhiteTeamCountry "TJK"]
[BlackTeamCountry "CMB"]
[TimeControl "40/5400+30:1800+30"]

1. Nf3 d5 2. c4 dxc4 3. Qa4+ Nc6 4. Qxc4 Nf6 5. g3 e5 6. Bg2 Be7 7. O-O O-O 8. Nc3 Be6 9. Qa4 Qc8 10. d3 Bh3 11. Bg5 Bxg2 12. Kxg2 Re8 13. Rac1 Nd7 14. Bxe7 Rxe7 15. Qh4 Re6 16. Nd5 h6 17. Rxc6 bxc6 18. Ne7+ Rxe7 19. Qxe7 Qe8 20. Qxe8+ Rxe8 21. Rc1 Re6 22. Rc4 c5 23. Ra4 a6 24. Nd2 f5 25. Nc4 e4 26. Ra3 exd3 27. Rxd3 Nb6 28. Ne3 g6 29. Rc3 Na4 30. Rc2 Rc6 31. Nd5 Kf7 32. b3 Nb6 33. Nb4 Re6 34. Nxa6 Nd5 35. Nxc5 Rc6 36. a3 Nf6 37. b4 Nd7 38. f3 Nxc5 39. Rxc5 Rxc5 40. bxc5 Ke6 41. e4 fxe4 42. fxe4 Ke5 43. a4 Kxe4 44. a5 Kd5 45. a6 Kc6 46. Kf3 1-0

[Event "45th FIDE Olympiad 2024"]
[Site "Budapest"]
[Date "2024.09.11"]
[Round "1.86"]
[White "Rodriguez Santiago, Jaime"]
[Black "Gurel, Ediz"]
[Result "0-1"]
[ECO "D46"]
[WhiteElo "2002"]
[BlackElo "2602"]
[Annotator "TA"]
[PlyCount "72"]
[EventDate "2024.09.05"]
[EventType "team-tourn"]
[EventCountry "HUN"]
[SourceTitle "playchess.com"]
[Source "ChessBase"]
[SourceQuality "1"]
[WhiteTeam "Puerto Rico"]
[BlackTeam "Turkiye"]
[WhiteTeamCountry "PUR"]
[TimeControl "40/5400+30:1800+30"]

1. d4 Nf6 2. c4 e6 3. Nf3 d5 4. Nc3 c6 5. e3 Bd6 6. Qc2 Nbd7 7. Bd3 dxc4 8. Bxc4 e5 9. dxe5 Nxe5 10. Nxe5 Bxe5 11. h3 O-O 12. O-O Qe7 13. Bd2 Be6 14. Bxe6 Qxe6 {The position is equal.} 15. a3 Rfe8 16. Rfe1 Rad8 17. Rad1 h6 18. Re2 Qc4 19. Be1 b5 (19... Rxd1 {simplifies} 20. Nxd1 Qxc2 21. Rxc2 Rd8) 20. Rxd8 Rxd8 21. Rd2 Rb8 (21... Rxd2 $15 22. Bxd2 Bd6) 22. Nd1 (22. Ne2 $11) 22... Qe6 (22... Ne4 {is more complex.} 23. b3 Qe6 24. Re2 Rd8) 23. b4 (23. Rd3 $11 {is more appropriate.}) 23... Rc8 $40 {[%cal Oc6c5][%mdl 128] Black attacks.} (23... c5 $5) 24. Rd3 Ne4 {[#] ...c5 would now be deadly.} 25. f3 Nd6 26. Qc5 a6 27. Bc3 (27. f4 Bxf4 28. exf4 Qxe1+ 29. Kh2 Nc4 $17) 27... Bg3 28. Rd4 Nf5 29. Rd3 Qg6 {aiming for ...Bd6.} 30. e4 Nh4 {[%cal Og3h2] Hoping for ...Bh2+!} 31. Qd4 $2 {[%mdl 8192] [#] Loses the game.} (31. Ne3 $15) 31... Bh2+ $1 $19 {[%mdl 512] Black is clearly winning.} 32. Kf1 Qxg2+ ({Not} 32... Nxg2 33. Rd2 Nh4 (33... c5 $2 34. Qd7 $18) 34. Qd7 (34. Rxh2 $2 {loses.} Nxf3 35. Qf2 Nxh2+ 36. Qxh2 Qxe4 $19) 34... Qg1+ 35. Ke2 $17) 33. Ke1 f6 ({Worse is} 33... Qxh3 34. Qxg7#) 34. Qe3 Bg3+ 35. Nf2 Qg1+ 36. Ke2 Ng2 {Weighted Error Value: White=0.38/Black=0.12 (very precise) .  Loses game:     	White=1     	---        Mistake:       	White=2     	Black=1      Inaccurate:     	White=4     	Black=4      OK:         	White=4     	Black=7      Best:        	White=3     	---} 0-1

[Event "45th FIDE Olympiad 2024"]
[Site "Budapest"]
[Date "2024.09.11"]
[Round "1.86"]
[White "El, Rozak"]
[Black "Ilkhomi, Jaloliddin"]
[Result "0-1"]
[ECO "E21"]
[WhiteElo "1514"]
[BlackElo "2227"]
[Annotator "NA RC"]
[PlyCount "92"]
[EventDate "2024.09.05"]
[EventType "team-tourn"]
[EventCountry "HUN"]
[SourceTitle "playchess.com"]
[Source "ChessBase"]
[SourceQuality "1"]
[WhiteTeam "Cambodia"]
[BlackTeam "Tajikistan"]
[WhiteTeamCountry "CMB"]
[BlackTeamCountry "TJK"]
[TimeControl "40/5400+30:1800+30"]

1. d4 Nf6 2. c4 e6 3. Nc3 Bb4 4. Nf3 O-O 5. g3 b6 6. Bg2 Bb7 7. O-O Bxc3 8. bxc3 d6 9. Bg5 Nbd7 10. Re1 h6 11. Bf4 Qe7 12. Nh4 Bxg2 13. Nxg2 e5 14. Bd2 Ne4 15. f3 Nxd2 16. Qxd2 f5 17. Nh4 Qf7 18. d5 f4 19. Qd3 g5 20. Ng2 Rae8 21. g4 e4 22. Qd4 Ne5 23. Rf1 Re7 24. h3 Qe8 25. a4 a5 26. fxe4 Nd7 27. Ra2 Rxe4 28. Qf2 Rxc4 29. Ne1 Rxc3 30. Nf3 Qe4 31. Rd2 Ne5 32. Rd4 Nxf3+ 33. exf3 Qe3 34. Re4 Qxf2+ 35. Rxf2 Re3 36. Kg2 Re8 37. Rxe8+ Rxe8 38. Rc2 Re7 39. h4 Kf7 40. Rc4 Ke8 41. Kf2 Kd7 42. Rc3 Re3 43. Rc1 Rd3 44. Rh1 Rd2+ 45. Ke1 Rxd5 46. hxg5 hxg5 0-1

[Event "45th FIDE Olympiad 2024"]
[Site "Budapest"]
[Date "2024.09.11"]
[Round "1.87"]
[White "Erdogmus, Yagiz Kaan"]
[Black "Zilleruelo Irizarry, Diego"]
[Result "1-0"]
[ECO "B12"]
[WhiteElo "2592"]
[BlackElo "2041"]
[Annotator "TA"]
[PlyCount "81"]
[EventDate "2024.09.05"]
[EventType "team-tourn"]
[EventCountry "HUN"]
[SourceTitle "playchess.com"]
[Source "ChessBase"]
[SourceQuality "1"]
[WhiteTeam "Turkiye"]
[BlackTeam "Puerto Rico"]
[BlackTeamCountry "PUR"]
[TimeControl "40/5400+30:1800+30"]

1. e4 c6 2. d4 d5 3. e5 Bf5 4. Nd2 e6 5. Nb3 Nd7 6. Nf3 Ne7 7. Be2 Nc8 8. O-O Be7 {The position is equal.} 9. a4 O-O 10. a5 a6 11. Be3 Na7 12. Nfd2 f6 13. f4 fxe5 14. dxe5 c5 15. g4 Bg6 16. Nf3 Nc6 17. c3 Kh8 18. Kg2 Qe8 19. h4 c4 20. Nbd4 Nxd4 21. cxd4 Be4 22. Kg3 h6 $1 23. h5 Qd8 24. Bd2 b5 25. axb6 $1 Qxb6 26. Bc3 $1 Rfb8 27. Nh4 Nf8 {Prevents Ng6+} 28. Qd2 a5 29. Ra4 (29. Bd1 $11) 29... Bb4 (29... g5 $1 $15 30. Ng2 (30. Bxa5 $2 {too greedy.} gxh4+ 31. Kf2 Rxa5 $19) (30. hxg6 Bxh4+ 31. Kxh4 Nxg6+ 32. Kg3 Qd8 $17) 30... gxf4+ 31. Nxf4 Nh7) 30. f5 ({White should try} 30. Rfa1 $14 Qd8 31. Bxb4 axb4 32. Rxa8 Rxa8 33. Rxa8 Qxa8 34. Qxb4) 30... exf5 31. gxf5 {Black should prevent Bxb4.} Bxc3 32. bxc3 Qb2 $2 {[#] This move loses the game for Black.} (32... Nh7 $11) 33. Qxb2 $18 Rxb2 34. Bf3 Bxf3 35. Rxf3 Nh7 $2 (35... Rb1 36. Ng2 Nh7) 36. Ng6+ {White is clearly winning.} Kg8 37. Ne7+ Kh8 38. Nxd5 Ng5 39. Re3 {[%cal Oe5e6] [#] Strongly threatening e6!} Rf8 (39... Nf7 $142 40. Re1 (40. Rxc4 a4 $18) 40... Rd2 41. Rxc4 Rf8) 40. e6 Re8 41. Rxa5 {Weighted Error Value: White=0.11 (very precise) /Black=0.34.  Loses game:     	---       	Black=1      Mistake:       	White=2     	Black=3      Inaccurate:     	White=2     	Black=2      OK:         	White=10    	Black=11     Best:        	White=4     	Black=1      Strong:       	White=2     	Black=1} 1-0

[Event "45th FIDE Olympiad 2024"]
[Site "Budapest"]
[Date "2024.09.11"]
[Round "1.88"]
[White "Boggiano Pereira, Miguel A."]
[Black "Can, Emre"]
[Result "0-1"]
[ECO "D38"]
[WhiteElo "2015"]
[BlackElo "2547"]
[Annotator "TA"]
[PlyCount "78"]
[EventDate "2024.09.05"]
[EventType "team-tourn"]
[EventCountry "HUN"]
[SourceTitle "playchess.com"]
[Source "ChessBase"]
[SourceQuality "1"]
[WhiteTeam "Puerto Rico"]
[BlackTeam "Turkiye"]
[WhiteTeamCountry "PUR"]
[TimeControl "40/5400+30:1800+30"]

1. d4 Nf6 2. c4 e6 3. Nf3 d5 4. Nc3 Bb4 5. cxd5 exd5 6. Bg5 Nbd7 7. Qc2 h6 8. Bh4 g5 9. Bg3 Ne4 10. Be5 (10. Nd2 $14) 10... Nxe5 $15 11. Nxe5 {Threatens to win with Qa4+.} Qe7 (11... c5 $15 {is superior.} 12. e3 Qa5) 12. e3 $11 Bf5 {Active counter play!} 13. Qb3 (13. Bb5+ $11 Kd8 14. Qb3) 13... O-O 14. a3 {Dodges c5} Bxc3+ 15. bxc3 c5 16. Be2 Rac8 17. Bf3 (17. Qb2 $15) 17... c4 (17... Kg7 $17 18. h3 f6 19. Bxe4 dxe4 (19... Bxe4 20. Nf3 $17)) 18. Qb2 f6 19. Ng4 Kg7 {Strongly threatening ...h5.} 20. h3 Rc6 21. O-O Rb6 22. Qc1 h5 23. Nh2 Rb3 $36 {[%mdl 2048] Black is in control.} 24. Bxe4 Qxe4 25. Rd1 {Wards off Qd3. White is weak on the light squares} Qc2 26. Qxc2 Bxc2 27. Rdc1 Bd3 (27... Rxc3 $2 {perishes.} 28. Nf3 $18) 28. a4 (28. Ra2 $17 {was necessary.}) 28... Re8 $19 29. Ra2 Re6 $1 30. Nf3 Reb6 31. Nd2 Rb2 32. Rca1 a5 33. f3 Kf7 34. e4 {[#]} Ke6 35. Kf2 dxe4 36. fxe4 Bxe4 37. Ke3 Bd3 (37... Bxg2 38. Rxb2 Rxb2 39. Nxc4 $19) 38. Ne4 (38. g4 $142) 38... Bxe4 39. Kxe4 {[#]} f5+ $1 {Weighted Error Value: White=0.32/Black=0.15 (very precise) .  Mistake:       	White=5     	Black=2      Inaccurate:     	White=4     	Black=2      OK:         	White=13    	Black=17     Best:        	---       	Black=1      Strong:       	---       	Black=2} 0-1

[Event "45th FIDE Olympiad 2024"]
[Site "Budapest"]
[Date "2024.09.11"]
[Round "1.89"]
[White "Oatlhotse, Providence"]
[Black "Theodorou, Nikolas"]
[Result "0-1"]
[ECO "E71"]
[WhiteElo "2239"]
[BlackElo "2619"]
[Annotator "TA"]
[PlyCount "112"]
[EventDate "2024.09.05"]
[EventType "team-tourn"]
[EventCountry "HUN"]
[SourceTitle "playchess.com"]
[Source "ChessBase"]
[SourceQuality "1"]
[WhiteTeam "Botswana"]
[BlackTeam "Greece"]
[WhiteTeamCountry "BOT"]
[BlackTeamCountry "GRE"]
[TimeControl "40/5400+30:1800+30"]

1. d4 Nf6 2. c4 g6 3. Nc3 Bg7 4. e4 d6 5. h3 O-O 6. Be3 a5 {[%cal Ba7a5,Ba5a4,Ba4a3][%mdl 32] E71: King's Indian: 4 e4 d6 5 h3.} 7. Qd2 a4 8. Nf3 $146 ({Predecessor:} 8. Bd3 c6 9. Nf3 a3 10. b3 Na6 11. O-O Qa5 12. Nd5 Qd8 13. Nxf6+ exf6 14. Bh6 {0-1 Kavutskiy,K (2394)-Chigaev,M (2615) Titled Tuesday intern op 12th Sep Late blitz 2023 (11)}) 8... a3 9. b4 (9. b3 $16) 9... c5 10. bxc5 (10. dxc5 Nxe4 11. Nxe4 Bxa1 12. cxd6 f5 $17) 10... dxc5 11. Be2 (11. dxc5 $2 Nxe4 12. Nxe4 Qxd2+ (12... Bxa1 $2 13. Bd3 $19) 13. Kxd2 Bxa1 $19) 11... Qa5 12. O-O (12. dxc5 $2 Nxe4 13. Nxe4 Bxa1 $19) 12... cxd4 13. Nxd4 Rd8 $1 14. Qc2 Na6 (14... Nxe4 $14 15. Qxe4 Qxc3 16. Qxe7 Rf8) 15. Rfd1 Bd7 16. Rab1 Bc6 (16... Nb4 $11 17. Qc1 Ne8) 17. Ndb5 Rxd1+ 18. Rxd1 e6 19. Bd2 Nc5 20. e5 {[%cal Oc3d5] Black must now prevent Nd5!} Nfd7 21. f4 $1 Qd8 22. Be3 Qh4 {...Qg3 is the strong threat.} 23. Bf1 (23. Nd4 $16) 23... g5 $11 24. fxg5 Bxe5 {Hoping for ...Qg3.} 25. Qf2 $1 Bg3 {Chess con chili.} 26. Qe2 {Rd4 would now be deadly.} Bf4 {[#]} (26... Ne4 $11 {remains equal.}) 27. Bxf4 ({Better is} 27. Rd4 $1 $16 Bxe3+ (27... e5 28. Bxf4 exf4 29. Nc7 $16) 28. Qxe3) 27... Qxf4 28. Rd4 (28. Qd2 {simplifies} Qxd2 29. Rxd2 Kg7 30. Re2) 28... Qc1 (28... Qxg5 $2 29. Rg4 $18) 29. Qd2 Qxd2 30. Rxd2 Kg7 31. Rd1 Ne5 32. Kf2 Kg6 33. h4 h6 34. gxh6 Ng4+ 35. Kg3 Nxh6 36. Kf4 $2 (36. Kh3 $15) 36... Nf5 $19 37. g3 $2 {[#]} (37. Bd3 Nxd3+ (37... Bxg2 $2 {is the wrong capture.} 38. Bxf5+ Kh5 39. Bg4+ Kxh4 40. Rg1 $18) 38. Rxd3) 37... e5+ $1 38. Kxe5 (38. Kg4 Ne3+) 38... Re8+ ({Weaker is} 38... Nxg3 39. Bh3 (39. Kd6 Na6 $19) 39... Re8+ 40. Kd6 Nce4+ 41. Kc7 $15) 39. Kf4 Ne6+ 40. Kg4 Ne3+ 41. Kh3 {[#]} Ng5+ $1 42. Kh2 Nf3+ 43. Kh3 Nxd1 44. Nxd1 Re1 45. Bd3+ f5 46. Nf2 Ne5 {( -> ...Nxd3)} 47. Bc2 Rf1 48. g4 Rxf2 49. Bxf5+ Kg7 50. Nd4 Rxa2 51. Ne6+ Kg8 52. h5 Ra1 53. Nd4 Rh1+ 54. Kg3 a2 55. Be6+ Kh8 56. Nc2 Rc1 0-1

[Event "45th FIDE Olympiad 2024"]
[Site "Budapest"]
[Date "2024.09.11"]
[Round "1.90"]
[White "Kourkoulos-Arditis, Stamatis"]
[Black "Notha, Moakofi"]
[Result "1-0"]
[ECO "C54"]
[WhiteElo "2570"]
[BlackElo "1996"]
[Annotator "TA"]
[PlyCount "69"]
[EventDate "2024.09.05"]
[EventType "team-tourn"]
[EventCountry "HUN"]
[SourceTitle "playchess.com"]
[Source "ChessBase"]
[SourceQuality "1"]
[WhiteTeam "Greece"]
[BlackTeam "Botswana"]
[WhiteTeamCountry "GRE"]
[BlackTeamCountry "BOT"]
[TimeControl "40/5400+30:1800+30"]

1. e4 e5 2. Nf3 Nc6 3. Bc4 Bc5 4. d3 d6 5. c3 Nf6 6. O-O a6 7. Bb3 Ba7 8. Nbd2 O-O 9. h3 Ne7 10. Re1 Ng6 11. Nf1 h6 12. Ng3 Be6 13. Bc2 Qc8 14. d4 c5 {White is slightly better.} 15. Be3 b5 16. a4 Rd8 17. d5 Bd7 18. axb5 axb5 19. Qd2 {[%cal Oe3h6] Hoping for Bxh6!} Qb7 $2 {[#] This move loses the game for Black.} (19... Kh7 $1 $11 {and Black has nothing to worry.}) 20. Bxh6 $1 $18 gxh6 $2 (20... Rdc8 {was worth a try.} 21. Nf5 Bxf5) (20... Bb6 21. Bg5) 21. Qxh6 Bc8 (21... Ne8 {is a better defense.} 22. Ng5 Nf8) 22. Nf5 Ne8 {Wards off Qg7+} 23. Ng5 {[%cal Bf3g5,Bg5e6,Be6f8,Bf8g6,Bg6e7,Be7c6][%mdl 32] Black must now prevent Re3.} Nf8 {[#]} (23... c4 $142 24. Nh7 Bxf5 25. exf5 (25. Rxa7 Rxa7 26. exf5 Rda8 $18) 25... f6 26. fxg6 (26. Qxg6+ Qg7 $16) 26... Qg7) 24. Re3 $1 {[%cal Be1e3,Be3g3,Bg3g7][%mdl 32] Threatening mate with Rg3.} Bxf5 25. exf5 {White threatens Rg3 and mate.} f6 26. Ne6 Nh7 27. Rg3+ {White mates.} Kh8 28. Nf8 c4 29. Ng6+ Kg8 30. Ne7+ ({Not} 30. Nxe5+ Ng7 $16) 30... Kf7 31. Qxh7+ Ng7 32. Rxg7+ Ke8 33. Qg8+ Kd7 34. Nc6+ Kc8 35. Qxd8# {Weighted Error Value: White=0.01 (flawless) /Black=0.84.  Loses game:     	---       	Black=1      Mistake:       	---       	Black=3      Inaccurate:     	---       	Black=1      OK:         	White=5     	Black=2      Best:        	White=1     	Black=1      Strong:       	White=1     	---        Brilliant:      	White=1     	---} 1-0

[Event "45th FIDE Olympiad 2024"]
[Site "Budapest"]
[Date "2024.09.11"]
[Round "1.90"]
[White "Ulhaq, Zacky Dhia"]
[Black "Roberts, Gennard"]
[Result "1-0"]
[ECO "A59"]
[WhiteElo "2203"]
[BlackElo "1582"]
[Annotator "ChessBase"]
[PlyCount "79"]
[EventDate "2024.09.05"]
[EventType "team-tourn"]
[EventCountry "HUN"]
[SourceTitle "playchess.com"]
[Source "ChessBase"]
[SourceQuality "1"]
[WhiteTeam "Indonesia"]
[BlackTeam "Grenada"]
[WhiteTeamCountry "INA"]
[BlackTeamCountry "GRA"]
[TimeControl "40/5400+30:1800+30"]

1. d4 Nf6 2. c4 c5 3. d5 b5 4. cxb5 a6 5. bxa6 Bxa6 6. Nc3 g6 7. e4 Bxf1 8. Kxf1 d6 9. Nf3 Bg7 10. g3 O-O 11. Kg2 Nbd7 12. a4 Qa5 13. Bd2 Rfb8 14. Nb5 Qb6 15. Qc2 Ng4 16. Bc3 Nge5 17. Nd2 c4 18. Nxc4 Nxc4 19. Bxg7 Ne3+ 20. fxe3 Kxg7 21. Qc3+ Kg8 22. Qd4 Rc8 23. Rhf1 Qb7 24. b3 Rc2+ 25. Rf2 Qc8 26. Qd1 Rxf2+ 27. Kxf2 Nc5 28. Qc2 Qg4 29. Nc3 Rc8 30. Kg2 f5 31. exf5 gxf5 32. Nb5 f4 33. Qd1 Qxd1 34. Rxd1 fxe3 35. Nd4 e2 36. Re1 Nd3 37. Rxe2 Nc1 38. Rxe7 Nd3 39. a5 Nb4 40. Rb7 1-0